 Dungeon Crawl Stone Soup version 0.19.0-2-gae57169 (webtiles) character file.

2830 Chiseanne the Fighter (level 9, -2/81 (82) HPs)
             Began as a Minotaur Berserker on Nov 3, 2016.
             Was a Believer of Trog.
             Slain by a troll (10 damage)
             ... on level 9 of the Dungeon.
             The game lasted 00:10:36 (2574 turns).

Chiseanne the Fighter (Minotaur Berserker)          Turns: 2574, Time: 00:10:37

HP:   -2/81 (82)    AC:  9    Str: 22    XL:     9   Next: 45%
MP:   8/8           EV: 14    Int: 12    God:    Trog [**....]
Gold: 181           SH:  0    Dex:  9    Spells: 0 memorised, 8 levels left

rFire  + . .     SeeInvis .     a - +1 war axe
rCold  + + .     Gourm    .     m - +0 ring mail
rNeg   . . .     Faith    .     (no shield)
rPois  .         Spirit   .     (helmet restricted)
rElec  +         Reflect  .     (no cloak)
rCorr  .         Harm     .     h - +1 pair of gloves
MR     ++...                    (no boots)
Stlth  ..........               (no amulet)
                                r - ring of Ru's Supremacy {rElec rF+ rC+ Int+8 Dex-4}
                                b - ring of protection from cold

@: exhausted, regenerating, slowed, very slow
A: retaliatory headbutt, horns 2
a: Berserk, Trog's Hand, Burn Spellbooks, Renounce Religion


You were on level 9 of the Dungeon.
You worshipped Trog.
Trog was pleased with you.
You were hungry.

You visited 1 branch of the dungeon, and saw 9 of its levels.

You collected 181 gold pieces.

Inventory:

Hand Weapons
 a - a +1 war axe (weapon)
Armour
 h - a +1 pair of gloves (worn)
 m - a +0 ring mail (worn)
Jewellery
 b - a ring of protection from cold (left hand)
 j - an uncursed ring of ice
 r - the ring of Ru's Supremacy (right hand) {rElec rF+ rC+ Int+8 Dex-4}
   (You found it on level 9 of the Dungeon)

   [ring of protection from fire]

   It affects your intelligence (+8).
   It affects your dexterity (-4).
   It protects you from fire.
   It protects you from cold.
   It insulates you from electricity.
Wands
 s - a wand of heal wounds (5/9)
Scrolls
 d - a scroll of remove curse
 e - 5 scrolls of identify
 i - a scroll of magic mapping
 l - a scroll of enchant armour
 p - a scroll of teleportation
Potions
 k - 2 potions of brilliance
 o - a potion of resistance
Miscellaneous
 q - a phial of floods
Comestibles
 c - 7 bread rations
 f - 10 chunks of flesh
 g - a slice of pizza
 n - a beef jerky


   Skills:
 * Level 8.4 Fighting
 * Level 8.4 Axes
 * Level 8.4 Armour
 * Level 7.7 Dodging


You had 8 spell levels left.
You didn't know any spells.

Dungeon Overview and Level Annotations

Branches:
Dungeon (9/15)             Temple (0/1) D:5            Lair (0/6) D:8
    Orc: D:9-12

Altars:
Qazlal


Innate Abilities, Weirdness & Mutations

You reflexively headbutt those who attack you in melee.
You have a pair of horns on your head.


Message History

You are near starving!
The troll barely misses you.
The troll claws you but does no damage. x2
The troll barely misses you.
The troll claws you but does no damage. x2
Eat one of 11 chunks of flesh? (ye/n/q)
You start eating one of the 11 chunks of flesh.
The troll bites you but does no damage. The troll claws you!
* * * LOW HITPOINT WARNING * * *
The troll claws you!
* * * LOW HITPOINT WARNING * * *
The troll misses you. The troll claws you but does no damage.
The troll misses you.
This raw flesh tastes terrible.
You are feeling hungry.
The troll bites you.
* * * LOW HITPOINT WARNING * * *
The troll misses you. The troll closely misses you. The troll bites you!
* * * LOW HITPOINT WARNING * * *
The troll claws you!
You die...

#......# #......#
#......# #####......#
###..........# #
#...###......#
....###########.###
#......#
.....Zo.ooY.Y.#.#
###....#
....o.#######.#@# #.#..##
....o .....o.YT.##
##.....# .|.o
.#######..#.####...##...#
... ##........#.# ##..#
.. ###...####.#####.# .
#.................
#...##............ #...
#............ ....
#............


You could see a yak, a troll and an orc.

Vanquished Creatures
  3 yaks (D:9)
  2 wyverns
  2 hell hounds (D:8)
  2 sky beasts
  2 ice beasts
  A phantom (D:4)
  A necrophage (D:7)
  An ogre (D:4)
  A centaur (D:8)
  A crocodile (D:8)
  5 bullfrogs
  A wyvern zombie (D:8)
  2 scorpions (D:4)
  2 wights (D:7)
  A crimson imp (D:9)
  A centaur zombie (D:7)
  A bullfrog zombie (D:5)
  A jelly (D:8)
  2 hounds
  An orc priest (D:5)
  3 orc wizards
  A bullfrog skeleton (D:5)
  Jessica (D:3)
  An iguana (D:4)
  A worker ant (D:9)
  A hound skeleton (D:4)
  9 adders
  A shadow imp (D:5)
  2 oozes
  An adder zombie (D:9)
  An adder skeleton (D:8)
  A dart slug (D:1)
  2 leopard geckos
  9 orcs
  7 giant cockroaches
  A goblin (D:1)
  3 hobgoblins (D:1)
  7 jackals (D:1)
  3 kobolds
  A quokka (D:5)
  A bat (D:3)
  A frilled lizard (D:1)
  6 rats (D:1)
97 creatures vanquished.

Notes
Turn   | Place    | Note
-------+----------+-------------------------------------------
     0 | D:1      | Chiseanne the Minotaur Berserker began the quest for the Orb.
     0 | D:1      | Reached XP level 1. HP: 19/19 MP: 0/0
    41 | D:1      | Reached XP level 2. HP: 18/27 MP: 1/1
   431 | D:1      | Reached ** piety under Trog
   474 | D:1      | Reached XP level 3. HP: 22/33 MP: 2/2
   562 | D:4      | Noticed a sky beast
   569 | D:4      | Killed a sky beast
   569 | D:4      | Reached XP level 4. HP: 34/41 MP: 3/3
   716 | D:4      | Noticed an ogre
   720 | D:4      | Killed an ogre
   720 | D:4      | Reached skill level 5 in Fighting
   720 | D:4      | Reached XP level 5. HP: 48/48 MP: 4/4
   835 | D:4      | Reached skill level 5 in Axes
   962 | D:4      | Reached XP level 6. HP: 35/56 MP: 5/5
  1128 | D:3      | Noticed Jessica
  1137 | D:3      | Killed Jessica
  1215 | D:4      | Found a stormy altar of Qazlal.
  1231 | D:4      | Reached skill level 5 in Armour
  1231 | D:4      | Reached XP level 7. HP: 30/62 MP: 6/6
  1258 | D:5      | Entered Level 5 of the Dungeon
  1306 | D:5      | Reached skill level 5 in Dodging
  1625 | D:7      | Reached XP level 8. HP: 70/70 MP: 7/7
  2220 | D:5      | Found a staircase to the Ecumenical Temple.
  2268 | D:8      | Reached XP level 9. HP: 69/79 MP: 8/8
  2344 | D:8      | Found a staircase to the Lair.
  2421 | D:8      | Reached *** piety under Trog
  2485 | D:9      | Got a faintly glowing marble ring
  2486 | D:9      | Identified the ring of Ru's Supremacy {rElec rF+ rC+ Int+8 Dex-4} (You found it on level 9 of the Dungeon)
  2544 | D:9      | Noticed a troll
  2574 | D:9      | Slain by a troll

Skill      XL: |  1  2  3  4  5  6  7  8  9 |
---------------+----------------------------+-----
Axes           | 4 5 6 7 8 |  8.4
Armour         | 3 4 5 6 7 8 |  8.4
Fighting       | 4 5 6 7 8 |  8.4
Dodging        | 3 4 5 6 7 |  7.7

Action                   |  1- 3 |  4- 6 |  7- 9 || total
-------------------------+-------+-------+-------++-------
Melee: Hand axe          |    74 |    41 |       ||   115
       Headbutt          |     8 |    12 |    28 ||    48
       War axe           |       |    19 |   151 ||   170
Invok: Berserk           |     2 |     2 |     4 ||     8
       Trog's Hand       |       |     1 |     7 ||     8
       Burn Spellbooks   |       |       |     1 ||     1
  Use: Scroll            |     3 |     2 |     6 ||    11
       Potion            |       |       |     1 ||     1
  Eat: Chunk             |       |     5 |    10 ||    15
Armor: Animal skin       |     7 |     2 |       ||     9
       Leather armour    |       |    11 |    15 ||    26
       Ring mail         |       |       |    26 ||    26
Dodge: Dodged            |    63 |    38 |   123 ||   224
